 Dungeon Crawl Stone Soup version 0.28.0-43-g3370ac3207 (webtiles) character file.

Game seed: 4733286924606219552

171 nickcage the Poker (level 5, -8/47 HPs)
             Began as a Gnoll Chaos Knight on Apr 1, 2022.
             Was a Plaything of Xom.
             Mangled by an ogre
             ... wielding a +0 giant spiked club
              (29 damage)
             ... on level 3 of the Dungeon.
             The game lasted 00:07:46 (2668 turns).

nickcage the Poker (Gnoll Chaos Knight)             Turns: 2668, Time: 00:07:47

Health: -8/47      AC: 12    Str: 13    XL:     5   Next: 51%
Magic:  7/7        EV:  6    Int: 11    God:    Xom [....*.]
Gold:   81         SH:  0    Dex: 12    Spells: 7/7 levels left

rFire   + . .      SeeInvis .   a - +0 spear (chaos)
rCold   . . .      Faith    .   (no shield)
rNeg    . . .      Spirit   .   e - +0 chain mail
rPois   .          Reflect  .   (no helmet)
rElec   .          Harm     .   (no cloak)
rCorr   .          Rampage  .   i - +0 pair of gloves
Will    .....                   (no boots)
Stlth   ..........              (no amulet)
HPRegen 0.15/turn               n - ring of protection from fire
MPRegen 0.10/turn               p - ring of wizardry

@: no status effects
A: fangs 1, strong nose, distributed training, iridescent scales 1, evolution 1
a: Renounce Religion


You were on level 3 of the Dungeon.
You worshipped Xom.
You were a beloved toy of Xom.
You visited 1 branch of the dungeon, and saw 3 of its levels.

You collected 123 gold pieces.
You spent 42 gold pieces at shops.

Inventory:

Hand Weapons
 a - a +0 spear of chaos (weapon)
 j - a +0 trident
Missiles
 o - 5 poisoned darts (quivered)
Armour
 b - a +2 leather armour
 e - a +0 chain mail (worn)
 i - a +0 pair of gloves (worn)
 q - a +0 ring mail of fire resistance
Jewellery
 n - a ring of protection from fire (left hand)
 p - a ring of wizardry (right hand)
Scrolls
 c - a scroll of noise {unknown}
 f - a scroll of teleportation {unknown}
 g - a scroll of vulnerability {unknown}
 k - 2 scrolls of identify {unknown}
 m - a scroll of amnesia {unknown}
Potions
 d - 2 potions of haste {unknown}
 h - a potion of cancellation {unknown}
 l - 3 potions of attraction {unknown}


   Skills:
 + Level 6.7 Fighting
 + Level 1.5 Short Blades
 + Level 1.5 Long Blades
 + Level 1.5 Axes
 + Level 1.5 Maces & Flails
 + Level 6.7 Polearms
 + Level 1.5 Staves
 + Level 1.5 Slings
 + Level 1.5 Bows
 + Level 1.5 Crossbows
 + Level 1.5 Throwing
 + Level 4.8 Armour
 + Level 3.0 Dodging
 + Level 1.5 Stealth
 + Level 1.5 Shields
 + Level 1.5 Unarmed Combat
 + Level 1.5 Spellcasting
 + Level 1.2 Conjurations
 + Level 1.2 Hexes
 + Level 1.2 Summonings
 + Level 1.2 Necromancy
 + Level 1.2 Translocations
 + Level 1.2 Transmutations
 + Level 1.2 Fire Magic
 + Level 1.2 Ice Magic
 + Level 1.2 Air Magic
 + Level 1.2 Earth Magic
 + Level 1.2 Poison Magic
 + Level 1.7 Invocations
 + Level 1.5 Evocations


You had 7 spell levels left.
You didn't know any spells.
Your spell library was empty.

Dungeon Overview and Level Annotations

Branches:
Dungeon (3/15)

Altars:
Makhleb
Xom

Shops:
D:1 *   D:2 =


Innate Abilities, Weirdness & Mutations

You have very sharp teeth.
Your uncanny sense of smell can sniff out nearby items.
Your experience applies equally to all skills.
You are partially covered in iridescent scales. (AC +2)
You have hidden genetic potential.


Message History

The ogre shouts!
You throw a poisoned dart. The poisoned dart hits the ogre.
The ogre is poisoned.
You throw a poisoned dart.
The poisoned dart closely misses the ogre.
You throw a poisoned dart.
The poisoned dart closely misses the ogre.
You throw a poisoned dart.
The poisoned dart barely misses the ogre.
You reach to attack!
You hit the ogre.
The ogre is moderately wounded.
You puncture the ogre!
The ogre goes berserk!
The ogre is heavily wounded.
The ogre hits you with a +0 giant spiked club!!
Ouch! That really hurt!
You emit a cloud of colourful smoke!
You are too injured to fight recklessly!
You barely miss the ogre.
The ogre is heavily wounded.
The ogre looks more healthy.
The ogre barely misses you.
You hit the ogre.
The ogre suddenly stops moving!
The ogre is heavily wounded.
The helpless ogre fails to defend itself.
You hit the ogre but do no damage.
The ogre is heavily wounded.
The helpless ogre fails to defend itself.
You hit the ogre. You drain the ogre.
The ogre is severely wounded.
The helpless ogre fails to defend itself.
You puncture the ogre! You burn the ogre.
The ogre is almost dead.
The ogre is no longer paralysed.
The ogre closely misses you.
You hit the ogre. You burn the ogre.
The ogre is almost dead.
The ogre barely misses you.
You hit the ogre but do no damage.
The ogre is almost dead.
The ogre hits you with a +0 giant spiked club!!
Ouch! That really hurt!
You die...

#### ####...
.(.(... .....
.#.#.§§
..>...O######
#..§@§...#
.....§#####.#######
..... #.........#
.... #.#.#####.#
... #.#.### ######
.. #.#...# .....##
. #.###.# ####8.#
#.# #.# ...##.#
##.###.###.#


You could see an ogre (berserk, drained).

Vanquished Creatures
  A scorpion (D:3)
  3 gnolls
  An adder (D:3)
  An ufetubus (D:3)
  2 dart slugs
  3 orcs (D:3)
  3 ball pythons
  5 bats
  7 endoplasms
  5 giant cockroaches
  3 goblins
  4 hobgoblins
  4 jackals (D:1)
  4 quokkas
  5 frilled lizards
  7 kobolds
  4 rats
62 creatures vanquished.

Vanquished Creatures (others)
  18 plants (D:3)
18 creatures vanquished.

Grand Total: 80 creatures vanquished

Notes
Turn   | Place    | Note
-------+----------+-------------------------------------------
     0 | D:1      | nickcage the Gnoll Chaos Knight began the quest for the
                  | Orb.
     0 | D:1      | Reached XP level 1. HP: 23/23 MP: 1/1
    81 | D:1      | Reached XP level 2. HP: 24/29 MP: 2/2
   250 | D:1      | You fall into a shaft and drop 1 floor!
   262 | D:2      | XOM: 3-stop teleportation journey
   392 | D:2      | Reached XP level 3. HP: 33/35 MP: 3/3
   663 | D:1      | Reached skill level 1 in Invocations
   815 | D:1      | XOM: 3-stop teleportation journey
   827 | D:1      | Found a faded altar of an unknown god.
   872 | D:1      | Reached skill level 1 in Short Blades
   872 | D:1      | Reached skill level 1 in Long Blades
   872 | D:1      | Reached skill level 1 in Axes
   872 | D:1      | Reached skill level 1 in Maces & Flails
   872 | D:1      | Reached skill level 1 in Staves
   872 | D:1      | Reached skill level 1 in Slings
   872 | D:1      | Reached skill level 1 in Bows
   872 | D:1      | Reached skill level 1 in Crossbows
   872 | D:1      | Reached skill level 1 in Throwing
   872 | D:1      | Reached skill level 1 in Stealth
   872 | D:1      | Reached skill level 1 in Shields
   872 | D:1      | Reached skill level 1 in Unarmed Combat
   872 | D:1      | Reached skill level 1 in Spellcasting
   872 | D:1      | Reached skill level 1 in Evocations
  1005 | D:1      | Found Nedojeew's General Store.
  1008 | D:1      | Bought a +0 trident for 42 gold pieces
  1245 | D:1      | Reached XP level 4. HP: 41/41 MP: 5/5
  1437 | D:2      | Found Qeikammu's Jewellery Shoppe.
  1593 | D:2      | XOM: scenery: create altars
  1896 | D:3      | XOM: give mutation
  1896 | D:3      | Gained mutation: You have hidden genetic potential. [Xom's
                  | grace]
  2019 | D:3      | Found a burning altar of Makhleb.
  2050 | D:3      | Reached skill level 1 in Conjurations
  2050 | D:3      | Reached skill level 1 in Hexes
  2050 | D:3      | Reached skill level 1 in Summonings
  2050 | D:3      | Reached skill level 1 in Necromancy
  2050 | D:3      | Reached skill level 1 in Translocations
  2050 | D:3      | Reached skill level 1 in Transmutations
  2050 | D:3      | Reached skill level 1 in Fire Magic
  2050 | D:3      | Reached skill level 1 in Ice Magic
  2050 | D:3      | Reached skill level 1 in Air Magic
  2050 | D:3      | Reached skill level 1 in Earth Magic
  2050 | D:3      | Reached skill level 1 in Poison Magic
  2499 | D:3      | Reached XP level 5. HP: 47/47 MP: 6/6
  2539 | D:3      | Gained mutation: You are partially covered in iridescent
                  | scales. (AC +2) [hidden potential]
  2590 | D:3      | XOM: god gift: white potion {god gift}
  2655 | D:3      | Noticed an ogre
  2661 | D:3      | XOM: smoke on damage
  2668 | D:3      | Mangled by an ogre

Illustrated notes

Levels and vault maps discovered:
D:1:      minmay_arrival_hallway, layout_basic, ebering_ecumenical_altar_mist,
          serial_shops, nicolae_shop_behind_doors
D:2:      layout_loops_cross, serial_shops, nicolae_shop_window_shopping,
          serial_bayou_crossing
D:3:      layout_loops_corners, bloody_makhleb, serial_bayou,
          serial_bayou_shore_a, serial_bayou_pond_b, serial_bayou_pond_d,
          serial_bayou_lagoon_b, serial_bayou_ford_a, serial_bayou_pond_c,
          minmay_misc_feat_x, minmay_misc_feat_enclosed, grunt_ministairs_11,
          st_stairs_14, minmay_misc_feat_plants

Skill      XL: |  1  2  3  4  5 |
---------------+----------------+-----
Invocations    | 1 |  1.7
Short Blades   | 1 |  1.5
Long Blades    | 1 |  1.5
Axes           | 1 |  1.5
Maces & Flails | 1 |  1.5
Staves         | 1 |  1.5
Slings         | 1 |  1.5
Bows           | 1 |  1.5
Crossbows      | 1 |  1.5
Throwing       | 1 |  1.5
Stealth        | 1 |  1.5
Shields        | 1 |  1.5
Unarmed Combat | 1 |  1.5
Spellcasting   | 1 |  1.5
Evocations     | 1 |  1.5
Conjurations   | 1 |  1.2
Hexes          | 1 |  1.2
Summonings     | 1 |  1.2
Necromancy     | 1 |  1.2
Translocations | 1 |  1.2
Transmutations | 1 |  1.2
Fire Magic     | 1 |  1.2
Ice Magic      | 1 |  1.2
Air Magic      | 1 |  1.2
Earth Magic    | 1 |  1.2
Poison Magic   | 1 |  1.2
Dodging        | 3 |  3.0
Fighting       | |  6.7
Polearms       | |  6.7
Armour         | |  4.8

Action                   |  1- 3 |  4- 6 || total
-------------------------+-------+-------++-------
Melee: Spear             |   117 |   103 ||   220
       Bite              |     8 |     9 ||    17
       Punch             |       |     1 ||     1
Throw: Dart              |       |     4 ||     4
 Stab: Sleeping          |     2 |       ||     2
       Paralysed         |       |     3 ||     3
Armor: Leather armour    |     5 |       ||     5
       Chain mail        |    34 |    21 ||    55
Dodge: Dodged            |    34 |    17 ||    51
